 Dungeon Crawl Stone Soup version 0.28.0 (webtiles) character file.

Game seed: 489972782430142093

4 GrayStillPlays the Skirmisher (level 1, 0/11 HPs)
             Began as a Vine Stalker Fighter on Feb 6, 2022.
             Slain by a gnoll (4 damage)
             ... on level 1 of the Dungeon.
             The game lasted 00:00:36 (159 turns).

GrayStillPlays the Skirmisher (Vine Stalker Fighter) Turns: 159, Time: 00:00:36

Health: 0/11       AC:  6    Str: 18    XL:     1   Next: 70%
Magic:  0/2        EV:  9    Int:  8    God:
Gold:   0          SH:  4    Dex: 13    Spells: 0/0 levels left

rFire   . . .      SeeInvis .   a - +0 rapier {short}
rCold   . . .      Faith    .   c - +0 buckler
rNeg    . . .      Spirit   +   b - +0 scale mail
rPois   .          Reflect  .   (no helmet)
rElec   .          Harm     .   (no cloak)
rCorr   .          Rampage  .   (no gloves)
Will    .....                   (no boots)
Stlth   ..........              (no amulet)
HPRegen 0.03/turn               (no ring)
MPRegen 0.08/turn               (no ring)

@: no status effects
A: fangs 2, magic shield, antimagic bite, no potion heal 2
a: no special abilities


You were on level 1 of the Dungeon.
You visited 1 branch of the dungeon, and saw 1 of its levels.


Innate Abilities, Weirdness & Mutations

You have extremely sharp teeth.
When hurt, damage is shared between your health and your magic reserves.
Your bite disrupts and absorbs the magic of your enemies.
Potions cannot restore your health.


   Skills:
 + Level 2.7 Fighting
 + Level 1.9 Short Blades
 + Level 2.5 Armour
 + Level 2.7 Shields


You couldn't memorise any spells.
You didn't know any spells.
Your spell library was empty.

Inventory:

Hand Weapons
 a - a +0 rapier (weapon) {short}
Missiles
 e - 24 stones (quivered) {throwing}
Armour
 b - a +0 scale mail (worn)
 c - a +0 buckler (worn)
Scrolls
 f - 2 scrolls of identify {unknown}
Potions
 d - a potion of might

Dungeon Overview and Level Annotations

Branches:
Dungeon (1/15)

Altars:

........# #.## ........#
#.# ........######†#
............##.#
............#..#
........._..#.########
#######.8.8.......g..#
###
#.....########.#.....
###.#.......@g..........
#.....##########+#......
#.....# .##### .........
# .##.....## # #....[#
#######


You could see a gnoll.


Message History

🤖 Initializing magus.rc ...
Options error: Delay interrupt name "hungry" not recognised. (~/.crawlrc:4770) Options error: Bad monster_list_colour key: strict_neutral (~/.crawlrc:4785) ✅ Successfully initialized magus.rc [v1.9.6] Welcome, GrayStillPlays the Vine Stalker Fighter.
They say the Orb of Zot lies within this dungeon, but they say a lot of things.
Press ? for a list of commands and other information.
Found 24 stones.
Found a staircase leading out of the dungeon.
e - 24 stones {throwing} A ball python comes into view.
The ball python hisses angrily.
You hit the ball python.
You kill the ball python!
No target in view!
No target in view!
No target in view!
No target in view!
No target in view!
No target in view!
You see here a ball python corpse.
Found a faded altar of an unknown god.
f - 2 scrolls labelled NAARIYNKIW No target in view!
A quokka comes into view.
A quokka is nearby!
The quokka barely misses you.
The quokka bites you but does no damage.
You hit the quokka but do no damage. You bite the quokka. You drain its power.
The quokka barely misses you.
You barely miss the quokka.
The quokka bites you but does no damage.
You block the quokka's attack.
You puncture the quokka!
You kill the quokka!
No target in view!
No target in view!
As you open the door, it creaks loudly!
A dart slug and a gnoll come into view.
The gnoll shouts!
There are monsters nearby!
There is an open door here.
You hit the dart slug.
The gnoll hits you from afar with a +0 spear.
The dart slug closely misses you. 😮 HP[-4] MP[-1]
You take 4 damage, and now have 7/11 hp.
MASSIVE DAMAGE!! (PAUSE)
You lost 1 mp, and now have 1/2 mp.
You hit the dart slug. The gnoll barely misses you.
You hit the dart slug. The dart slug closely misses you.
The gnoll hits you from afar with a +0 spear.
* * * LOW HITPOINT WARNING * * *
😨 HP[-3] MP[-1]
You take 3 damage, and now have 4/11 hp.
MASSIVE DAMAGE!! (PAUSE)
You lost 1 mp, and now have 0/2 mp.
You hit the dart slug.
You kill the dart slug!
The gnoll closely misses you. 😨 MP[+1] 😨 HP[+1] 😨 MP[+1]
Your mp is fully restored (2).
The gnoll hits you from afar with a +0 spear.
* * * LOW HITPOINT WARNING * * *
😨 HP[-1]
You take 1 damage, and now have 4/11 hp. 😨 HP[+1] 😮 HP[+1]
The gnoll closely misses you.
The gnoll hits you from afar with a +0 spear.
* * * LOW HITPOINT WARNING * * *
😨 HP[-2] MP[-1]
You take 2 damage, and now have 4/11 hp.
You lost 1 mp, and now have 1/2 mp.
The gnoll hits you with a +0 spear. 😨 MP[-1]
You lost 1 mp, and now have 0/2 mp.
You puncture the gnoll! You bite the gnoll, but do no damage.
The gnoll hits you with a +0 spear.
You die...

Action                   || total
-------------------------++-------
Melee: Rapier            ||     9
       Bite              ||     2
Armor: Scale mail        ||     2
Dodge: Dodged            ||     7
Block: Buckler           ||     1

Levels and vault maps discovered:
D:1:      dpeg_arrival_simpleton_a, layout_basic,
          dreamdust_ecumenical_altar_statues, moated_statue

Notes
Turn   | Place    | Note
-------+----------+-------------------------------------------
     0 | D:1      | GrayStillPlays the Vine Stalker Fighter began the quest for
                  | the Orb.
     0 | D:1      | Reached XP level 1. HP: 11/11 MP: 2/2
     0 | D:1      | magus.rc [v1.9.6]
    17 | D:1      | Found a faded altar of an unknown god.
   159 | D:1      | Slain by a gnoll

Vanquished Creatures
  A dart slug (D:1)
  A quokka (D:1)
  A ball python (D:1)
3 creatures vanquished.

Table legend:
 A = Non-vault XP
 B = Vault XP
 C = Vault XP percentage of total XP
 D = Non-vault monster count
 E = Vault monster count
 F = Vault count percentage of total count
                 A         B        C        D         E       F
            +---------+---------+-------+---------+---------+-------
      Total |       7 |       0 |   0.0 |       3 |       0 |   0.0
            +---------+---------+-------+---------+---------+-------
        D:1 |       7 |       0 |   0.0 |       3 |       0 |   0.0
            +---------+---------+-------+---------+---------+-------

Illustrated notes

Table legend:
 A = Kills in this place as a percentage of kills in entire the game.
 B = Kills by you in this place as a percentage of kills by you in the entire game.
 C = Kills by friends in this place as a percentage of kills by friends in the entire game.
 D = Other kills in this place as a percentage of other kills in the entire game.
 E = Experience gained in this place as a percentage of experience gained in the entire game.
 F = Experience gained in this place divided by the number of levels of this place that you have seen.
                   A       B       C       D       E      F
               +-------+-------+-------+-------+-------+----------------------
         Total | 100.0 | 100.0 |   N/A |   N/A | 100.0 |   7.0
       Dungeon | 100.0 | 100.0 |   N/A |   N/A | 100.0 |   7.0
               +-------+-------+-------+-------+-------+----------------------

Table legend: (Time is in decaauts)
 A = Elapsed time spent in this place.
 B = Non-inter-level travel time spent in this place.
 C = Inter-level travel time spent in this place.
 D = Time resting spent in this place.
 E = Time spent auto-exploring this place.
 F = Levels seen in this place.
 G = Mean time per level.
                   A        B        C        D        E       F      G
               +--------+--------+--------+--------+--------+-----+--------+
         Total |    160 |    160 |      0 |      0 |     36 |   1 |  160.0 |
       Dungeon |    160 |    160 |      0 |      0 |     36 |   1 |  160.0 |
               +--------+--------+--------+--------+--------+-----+--------+

Top non-repeatable levels by time:
     D:1: 160 daAuts
